 Dungeon Crawl Stone Soup version 0.23.2-33-g5129a83184 (webtiles) character file.

Game seed: 11396388444761607277

19 Folque the Digger (level 2, 24/24 HPs)
             Began as a Draconian Earth Elementalist on July 5, 2019.
             Got out of the dungeon alive.
             The game lasted 00:01:31 (374 turns).

Folque the Digger (Draconian Earth Elementalist)     Turns: 374, Time: 00:01:31

Health: 24/24      AC:  4    Str: 10    XL:     2   Next: 55%
Magic:  5/5        EV: 12    Int: 15    God:
Gold:   32         SH:  0    Dex: 11    Spells: 2/5 levels left

rFire    . . .     SeeInvis .   k - -2 spear (curse)
rCold    . . .     Gourm    .   (no shield)
rNeg     . . .     Faith    .   (armour unavailable)
rPois    .         Spirit   .   (helmet restricted)
rElec    .         Reflect  .   (no cloak)
rCorr    .         Harm     .   (no gloves)
MR       .....                  (no boots)
Stlth    ++........             (no amulet)
HPRegen  0.08/turn              (no ring)
MPRegen  0.09/turn              (no ring)

@: no status effects
A: unfitting armour, cold-blooded, AC +4
a: no special abilities


You escaped.
You were not hungry.

You visited 1 branch of the dungeon, and saw 1 of its levels.

You collected 32 gold pieces.

Inventory:

Hand Weapons
 k - a cursed -2 spear (weapon)
Missiles
 b - 121 stones (quivered)
Scrolls
 f - a scroll of identify {unknown}
 i - a scroll of remove curse {unknown}
 j - a scroll of random uselessness {unknown}
Potions
 a - 2 potions of ambrosia {unknown}
 d - 2 potions of curing {unknown}
 e - a potion of resistance {unknown}
 h - a potion of haste {unknown}
Comestibles
 c - 2 rations
 g - 2 chunks of flesh


   Skills:
 * Level 1.7 Fighting
 - Level 1.7 Dodging
 - Level 1.7 Stealth
 + Level 2.2 Spellcasting
 - Level 1.0 Transmutations
 + Level 3.2 Earth Magic


You had 2 spell levels left.
You knew the following spells:

 Your Spells              Type           Power        Failure   Level  Hunger
a - Sandblast             Erth           ##....       6%          1    #......
b - Passwall              Tmut/Erth      #.......     14%         2    ###....

Your spell library contained the following spells:

 Spells                   Type           Power        Failure   Level  Hunger
 Stone Arrow              Conj/Erth      #.....       32%         3    ###....
 Petrify                  Tmut/Erth      #.......     65%         4    #####..
 Lee's Rapid Deconstruct  Erth           ##........   85%         5    ######.


Dungeon Overview and Level Annotations

Branches:
Dungeon (1/15)

Altars:


Innate Abilities, Weirdness & Mutations

Your plain brown scales are hard. (AC +4)
You cannot fit into any form of body armour.
You are cold-blooded and may be slowed by cold attacks.


Message History

Wield which item (- for none, * to show all)? (? for menu, Esc to quit)
It sticks to your hand!
k - a cursed -2 spear (weapon)
You see here 25 sling bullets.
The rat is too close now for your liking.
You can't go up here!
You hit the rat.
You kill the rat!
You see here a rat corpse.
You butcher the rat corpse.
g - 3 chunks of flesh (gained 1)
You see here a rat skeleton.
d - 2 fuming pink potions (gained 1)
You see here a rat skeleton.
Some of the chunks of flesh in your inventory have rotted away.
HP restored.
There is an open gate here.
There is a staircase leading out of the dungeon here.
Are you sure you want to leave the Dungeon?
This will make you lose the game!
You have escaped!

#.......###
###......#
#.####.##
####.###...#
#..........#
#.##'''##..#
#.#.....#..#
#.#.....#..#
#.#..@..#..##
#.#.....#...#
#.#######.#.#
#.......###.#
######.###..#
#.# #.## #.#
#.# #.# #.#
#.# #.#


There were no monsters in sight!

Vanquished Creatures
  2 oozes (D:1)
  A dart slug (D:1)
  A giant cockroach (D:1)
  2 goblins (D:1)
  A bat (D:1)
  A frilled lizard (D:1)
  2 rats (D:1)
10 creatures vanquished.

Notes
Turn   | Place    | Note
-------+----------+-------------------------------------------
     0 | D:1      | Folque the Draconian Earth Elementalist began the quest for
                  | the Orb.
     0 | D:1      | Reached XP level 1. HP: 14/14 MP: 3/3
   139 | D:1      | Reached skill level 1 in Fighting
   143 | D:1      | Reached XP level 2. HP: 23/23 MP: 0/5
   175 | D:1      | Learned a level 2 spell: Passwall
   374 | D:$      | Got out of the dungeon alive.

Skill      XL: |  1 |
---------------+----+-----
Fighting       | 1 |  1.7
Dodging        | |  1.7
Stealth        | |  1.7
Spellcasting   | |  2.2
Transmutations | |  1.0
Earth Magic    | |  3.2

Action                   || total
-------------------------++-------
Melee: Unarmed           ||    49
       Tailslap          ||     4
       Spear             ||     1
 Cast: Sandblast         ||     4
Armor: Skin              ||    22
Dodge: Dodged            ||    39
